 Dungeon Crawl Stone Soup version 0.18.1-6-gd335043 (webtiles) character file.

79 Freyj the Covered (level 4, -3/40 HPs)
             Began as a Minotaur Fighter on May 10, 2016.
             Killed by divine providence
             ... invoked by an orc priest
              (16 damage)
             ... on level 3 of the Dungeon on May 18, 2016.
             The game lasted 00:06:49 (1714 turns).

Freyj the Covered (Minotaur Fighter)                Turns: 1714, Time: 00:06:50

Health: -3/40      AC: 10    Str: 21    XL:     4   Next: 17%
Magic:  3/3        EV:  8    Int:  5    God:
Gold:   52         SH:  9    Dex: 10    Spells: 0 memorised, 3 levels left

rFire  . . .     SeeInvis .     a - +0 war axe
rCold  . . .     Gourm    .     b - +0 scale mail
rNeg   . . .     Faith    .     c - +0 shield
rPois  .         Spirit   .     (helmet restricted)
rElec  .         Dismiss  .     (no cloak)
rCorr  .         Reflect  .     x - +2 pair of gloves
SustAt .         Harm     .     (no boots)
MR     .....                    (no amulet)
Stlth  ..........               (no ring)
                                j - ring of flight

@: not resistant to hostile enchantments, extremely unstealthy
A: retaliatory headbutt, horns 2
a: Evoke Flight


You were on level 3 of the Dungeon.
You were hungry.

You visited 1 branch of the dungeon, and saw 3 of its levels.

You collected 52 gold pieces.

Inventory:

Hand Weapons
 a - a +0 war axe (weapon)
Armour
 b - a +0 scale mail (worn)
 c - a +0 shield (worn)
 h - a +0 chain mail
 x - a +2 pair of gloves (worn)
Jewellery
 j - a ring of flight (left hand)
Scrolls
 g - a scroll of teleportation {unknown}
 i - a scroll of blinking {unknown}
 k - 2 scrolls of amnesia
 l - a scroll of recharging {unknown}
 r - 2 scrolls of remove curse
 s - a scroll of immolation {unknown}
 w - a scroll of enchant armour {unknown}
Potions
 d - a potion of might
 e - a potion of flight
 m - a potion of brilliance {unknown}
 n - a potion of degeneration {unknown}
 p - a potion of heal wounds {unknown}
 t - a potion of haste {unknown}
 z - a potion of mutation {unknown}
Comestibles
 f - 4 bread rations
 o - 5 chunks of flesh
 q - a beef jerky
 v - a meat ration


   Skills:
 + Level 4.2 Fighting
 + Level 3.1 Axes
 + Level 4.4 Armour
 + Level 1.0 Dodging
 + Level 4.2 Shields


You had 3 spell levels left.
You didn't know any spells.

Dungeon Overview and Level Annotations

Branches:
Dungeon (3/15)

Altars:
Pakellas


Innate Abilities, Weirdness & Mutations

You reflexively headbutt those who attack you in melee.
You have a pair of horns on your head.


Message History

You barely miss something. Your headbutt misses something.
Something hits you but does no damage.
The orc priest calls down the wrath of Beogh upon you.
Beogh smites you! Something hits you but does no damage.
You're too confused to move!
You feel less confused. Something hits you but does no damage.
You miss something. You headbutt something. Something completely misses you.
You slash something!
Reactivating autopickup.
Your Axes skill increases to level 3!
Your Dodging skill increases to level 1!
You have reached level 4!
You feel agile.
You feel a bit more experienced.
You slash the orc!
You kill the orc!
The orc priest mumbles some strange prayers to Beogh against you.
Beogh smites you!
You die...

.#######.# .# #.# .#
#.############### .#
#.##............# .#
#.##..........?.# .#
#.#.............# .#
#†#.............#
.#######.#..............
.#.......#.....#@#####.
.#.............#)#
.#######.)...#.#o# ...#
#.†...#.#.. .#.#
#.....#.#.## †#.#
#.....#.#.# .#.#
.........#.. .#.#
###.......### .#.#
###.....#


You could see an orc priest.

Vanquished Creatures
  An orc wizard (D:3)
  2 adders (D:2)
  A worm (D:2)
  3 giant geckos
  2 orcs (D:3)
  A giant cockroach (D:3)
  4 hobgoblins
  A quokka (D:3)
  7 bats
  3 goblins (D:1)
  A kobold (D:3)
  6 rats
32 creatures vanquished.

Notes
Turn   | Place    | Note
--------------------------------------------------------------
     0 | D:1      | Freyj the Minotaur Fighter began the quest for the Orb.
     0 | D:1      | Reached XP level 1. HP: 19/19 MP: 0/0
   451 | D:1      | Reached XP level 2. HP: 27/27 MP: 1/1
  1195 | D:2      | Reached XP level 3. HP: 30/33 MP: 2/2
  1232 | D:2      | Found an oddly glowing altar of Pakellas.
  1591 | D:3      | Upgraded the game from 0.18.1-5-g4a78601 to 0.18.1-6-gd335043
  1713 | D:3      | Reached skill level 1 in Dodging
  1713 | D:3      | Reached XP level 4. HP: 13/40 MP: 3/3
  1714 | D:3      | Killed from afar by an orc priest

Skill      XL: |  1  2  3 |
---------------+----------+-----
Fighting       | 4 |  4.2
Shields        | 4 |  4.2
Armour         | 4 |  4.4
Axes           | 3 |  3.1
Dodging        | 1 |  1.0

Action                   |  1- 3 |  4- 6 || total
-------------------------+-------+-------++-------
Melee: War axe           |    80 |     1 ||    81
       Headbutt          |     6 |       ||     6
  Use: Scroll            |     3 |       ||     3
  Eat: Chunk             |     2 |       ||     2
Armor: Scale mail        |    61 |       ||    61
Dodge: Dodged            |    34 |       ||    34
Block: Shield            |    51 |       ||    51
